 Dungeon Crawl Stone Soup version 0.31.0-11-ge490571c62 (webtiles) character file.

Game seed: 8482897995450198661

67333 sanka the Metamorph (level 14, -3/172 HPs)
             Began as a Troll Monk on Jan 26, 2024.
             Was a High Priest of the Shining One.
             Slain by a spark wasp (4 damage)
             ... on level 1 of the Depths.
             The game lasted 00:43:13 (15236 turns).

sanka the Metamorph (Troll Monk)                   Turns: 15236, Time: 00:43:14

Health: -3/172     AC: 29    Str: 22    XL:     14   Next: 82%
Magic:  16/16      EV: 14    Int:  6    God:    the Shining One [*****.]
Gold:   277        SH: 15    Dex: 22    Spells: 13/13 levels left

rFire   . .          .
                       - Unarmed
rCold   + . .        N - +2 kite shield
rNeg    + + +        H - melded +0 steam dragon scales
rPois   ∞            u - +2 hat
rElec   +            O - scarf {shadows}
rCorr   .            (gloves unavailable)
SInv    .            (boots unavailable)
Will    +....        a - amulet of regeneration
Stlth   +            R - +6 ring of dexterity
HPRegen 2.08/turn    L - ring of protection from cold
MPRegen 0.15/turn

%: no passive effects
@: about to teleport, statue-form, glowing, very slow
A: slow and powerful, torment resistance 1, boosted hp, large, unfitting armour,
claws 3, regeneration 1, (shaggy fur 1), (tough skin 1)
a: Begin Untransformation, Renounce Religion, Divine Shield, Cleansing Flame,
Summon Divine Warrior


You were on level 1 of the Depths.
You worshipped the Shining One.
The Shining One was extremely pleased with you.
You were a living statue of rough stone.
You visited 3 branches of the dungeon, and saw 18 of its levels.
You also visited: Sewer and Gauntlet.

You collected 983 gold pieces.
You spent 706 gold pieces at shops.


Innate Abilities, Weirdness & Mutations

You are a living statue of rough stone.
Your actions are slow, but your melee attacks are powerful.
You are resistant to unholy torment.
Your maximum health is greatly increased.
Your equipment is partially melded.
You are too large for most types of armour.
You are immune to poison.
You have claws for hands.
Your natural rate of healing is unusually fast.
((You are covered in fur. (AC +1)))
((You have tough skin. (AC +1)))


   Skills:
 - Level 7.0 Fighting
 - Level 7.0 Dodging
 - Level 10.0 Shields
 + Level 12.5 Unarmed Combat
 - Level 5.0 Invocations
 - Level 16.0 Shapeshifting


You had 13 spell levels left.
You didn't know any spells.
Your spell library contained the following spells:

 Spells                   Type           Power      Damage    Failure   Level
 Shock                    Conj/Air       0%         1d3       65%         1
 Ensorcelled Hibernation  Hex/Ice        0%         N/A       80%         2
 Jinxbite                 Hex            0%         N/A       80%         2
 Lesser Beckoning         Tloc           0%         N/A       80%         2
 Fugue of the Fallen      Necr           0%         N/A       95%         3
 Gell's Gravitas          Tloc           0%         N/A       95%         3
 Stone Arrow              Conj/Erth      0%         3d7       95%         3
 Swiftness                Air            0%         N/A       95%         3
 Teleport Other           Tloc           0%         N/A       95%         3
 Airstrike                Air            0%         2d(0-16)  100%        4
 Anguish                  Hex/Necr       0%         N/A       100%        4
 Animate Armour           Summ/Erth      0%         N/A       100%        4
 Freezing Cloud           Conj/Ice/Air   0%         6-21      100%        5
 Metabolic Englaciation   Hex/Ice        0%         N/A       100%        5
 Yara's Violent Unravell  Hex/Alch       0%         3d3       100%        5
 Enfeeble                 Hex            0%         N/A       100%        7
 Ozocubu's Refrigeration  Ice            0%         4d7       100%        7
 Lehudib's Crystal Spear  Conj/Erth      0%         10d2      100%        8
 Polar Vortex             Ice            0%         N/A       100%        9

Inventory:

Hand Weapons
 C - the +5 flail of Shrieking Terror {freeze, *Noise rElec rPois rF++} rF++: It greatly protects you from fire. rElec: It insulates you from electricity. rPois: It protects you from poison *Noise: It may make a loud noise when swung.
 U - the +7 morningstar of Doom {freeze, rPois rC+ Int+8 Dex-3}

   Int+8:     It affects your intelligence (+8).
   Dex-3:     It affects your dexterity (-3).
   rC+:       It protects you from cold.
   rPois:     It protects you from poison
Missiles
 l - 10 silver javelins
 m - 11 curare-tipped darts (quivered) {=f}
 B - 19 large rocks {=f}
Armour
 c - an orb of light
 q - a +0 cloak
 u - a +2 hat (worn)
 H - +0 steam dragon scales (melded)
 N - a +2 kite shield (worn)
 O - a scarf of shadows (worn)
Jewellery
 a - an amulet of regeneration (around neck)
 F - a ring of willpower
 I - the ring "Igahom" {Fire rElec Will+}

   [ring of fire]

   Fire:      It enhances your fire magic.
   rF+:       It protects you from fire.
   rC-:       It makes you vulnerable to cold.
   rElec:     It insulates you from electricity.
   Will+:     It increases your willpower.
 L - a ring of protection from cold (right claw)
 R - a +6 ring of dexterity (left claw)
Talismans
 D - a granite talisman (active)
Wands
 x - a wand of charming (18)
 y - a wand of flame (27)
 Q - a wand of iceblast (11)
Scrolls
 e - 8 scrolls of enchant weapon
 g - a scroll of poison {!r}
 h - a scroll of revelation
 i - a scroll of blinking
 p - 8 scrolls of teleportation {@r4}
 r - 3 scrolls of immolation {!r}
 s - 2 scrolls of silence {!r}
 w - 2 scrolls of vulnerability {!r}
 G - 2 scrolls of noise {!r}
 J - 2 scrolls of fog
 M - a scroll of summoning
Potions
 b - a potion of ambrosia
 d - 2 potions of brilliance {unknown}
 f - 7 potions of curing {@q1}
 j - 3 potions of mutation {!q}
 k - a potion of invisibility {unknown}
 n - 3 potions of might
 o - 3 potions of enlightenment
 t - 3 potions of heal wounds {@q2}
 v - 3 potions of cancellation
 z - 2 potions of resistance
 A - 3 potions of attraction {!q}
 E - 4 potions of haste {@q3}
 S - 2 potions of lignification {!q}
Miscellaneous
 T - a phantom mirror

Dungeon Overview and Level Annotations

Branches:
Dungeon (15/15)            Temple (1/1) D:7            Lair (0/5) D:8
    Orc (0/2) D:11         Vaults (0/5) D:14         Depths (2/4) D:15
  Sewer (visited)         Gauntlet (visited)

Altars:
Ashenzari
Cheibriados
Dithmenos
Elyvilon
Fedhas
Gozag
Hepliaklqana
Kikubaaqudgha
Makhleb
Nemelex Xobeh
Okawaru
Qazlal
Ru
Sif Muna
Trog
Uskayaw
Vehumet
Wu Jian
Xom
Yredelemnul
Zin
The Shining One

Shops:
D:4 **   D:6 !   D:15 [!(

Portals:
Hell: Depths:1
Ziggurat: Depths:1

Annotations:
D:8 exclusion: downstairs
D:11 exclusion: downstairs
D:14 exclusion: downstairs

▒..'............▒▒▒▒▒▒▒▒▒....▒...
▒▒.▒▒▒▒▒▒▒▒'▒▒..'...........▒▒...
.▒.'.........▒▒'▒▒'▒▒.......▒....
...▒........▒▒...▒..▒▒▒.....▒....
.▒▒▒.......)▒....'..▒ ▒▒....▒▒...
▒▒.▒........▒...▒▒▒▒▒ ▒.....▒▒▒▒
▒..▒▒.).....▒...▒..▒ ▒.....▒...
....▒.▒'▒...▒'▒▒▒..▒▒ ▒.....'.▒▒
....▒▒▒.▒▒.▒▒.▒y8...▒ ▒▒▒▒▒'▒▒▒▒.
......▒..▒▒▒..▒y▒▒▒▒▒▒▒...▒.▒....
▒'▒▒▒▒▒....▒..>....▒.....▒▒.▒....
▒.'........▒.....▒▒▒.....▒..▒....
▒.▒▒▒▒'▒...+.....▒......▒▒..▒....
..▒[...▒...▒▒▒..▒▒......▒...▒'▒▒▒
.▒[<)..▒........▒.............▒
.......▒....≈...▒.............▒▒▒
..▒....▒+▒▒..≈..▒...............▒


You could see 2 spark wasps.


Message History

* * * LOW HITPOINT WARNING * * *
The spark wasp blinks!
The spark wasp blinks!
The spark wasp stings you!
* * * LOW HITPOINT WARNING * * *
The spark wasp shocks you. You resist. The Shining One protects you from harm!
The spark wasp stings you!!
* * * LOW HITPOINT WARNING * * *
The spark wasp shocks you. You resist.
* * * LOW HITPOINT WARNING * * *
Unknown command.
As you read the scroll of teleportation {@r4}, it crumbles to dust.
You feel strangely unstable.
The spark wasp's soul is no longer bound.
The spark wasp stings you.
* * * LOW HITPOINT WARNING * * *
The spark wasp shocks you. You resist.
* * * LOW HITPOINT WARNING * * *
You block the spark wasp's attack. You block the spark wasp's attack.
The spark wasp stings you but does no damage.
The spark wasp stings you!
* * * LOW HITPOINT WARNING * * *
The spark wasp shocks you. You resist.
You die...

Action                     |  1- 3 |  4- 6 |  7- 9 | 10-12 | 13-15 || total
---------------------------+-------+-------+-------+-------+-------++-------
  Melee: Unarmed           |    81 |    95 |   210 |   428 |   377 ||  1191
  Throw: Dart              |       |       |       |    11 |       ||    11
 Invoke: Divine Shield     |       |       |       |       |     2 ||     2
  Evoke: Wand              |       |       |    10 |       |       ||    10
    Use: Scroll            |       |       |     9 |    13 |     7 ||    29
         Potion            |       |       |     2 |     1 |     4 ||     7
 Armour: Robe              |    57 |    49 |   147 |    23 |       ||   276
         Steam dragon scal |       |       |       |   138 |       ||   138
         Skin              |       |       |       |   275 |   576 ||   851
  Dodge: Dodged            |    44 |    38 |    86 |   237 |   280 ||   685
  Block: Kite shield       |       |       |       |       |   398 ||   398
   Form: Statue            |       |       |       |     3 |       ||     3
                           |       |       |       |     2 |       ||     2

Levels and vault maps discovered:
D:1:      amcnicky_arrival_feature_with_door, layout_basic,
          nicolae_grassy_gnolls
D:2:      layout_rooms, hellmonk_ecumenical_altar_arch_garden, uniq_robin,
          uniq_crazy_yiuf_cottage, uniq_sigmund
D:3:      layout_basic
D:4:      layout_loops_ring, minmay_misc_feat_columns, nicolae_specific_store,
          nicolae_nh_ransacked_shop, uniq_blork_the_orc
D:5:      layout_basic, gammafunk_ghost_smash
D:6:      layout_loops_ring, nicolae_wu_jian_wuxing_cycle,
          cheibrodos_sewer_entry_bend, serial_shops, shop, uniq_prince_ribbit1
D:7:      layout_loops_ring, mainiacjoe_overflow_concentric_impassable,
          minmay_temple_entry_offerings, grunt_ministairs_2,
          nrook_mini_backslash, kennysheep_generic_room_11
D:8:      layout_basic, chequers_temple_overflow_statue_of_worship,
          lair_entry_dummy, dreamdust_gnoll_shepherd
D:9:      layout_basic, dreamdust_princess_bridge
D:10:     gammafunk_boulding_lane, layout_loops_ring
D:11:     layout_loops_ring, kennysheep_orc_monster_closet_entryway,
          kennysheep_generic_room_15, uniq_erica
D:12:     layout_loops_ring
D:13:     minmay_weird_star, layout_basic
D:14:     layout_roguey, erik_vaults_1, lemuel_tele_altar,
          gauntlet_entry_generic, kennysheep_cross_bottleneck
D:15:     hellmonk_depths_entry_around_the_bend, layout_rooms, serial_shops,
          nicolae_shop_tiny_waterfront, nicolae_shop_rolling_square, shop,
          einodemon_crawler_minivault
Temple:   regret_index_temple_sphere_string
Depths:1: layout_honeycomb, enter_ziggurat_f, hellmouth_3,
          amcnicky_mini_pool_small, hangedman_research_thermodynamics
Depths:2: regret_index_nemelex_summoning_deck_glade, layout_small_grid,
          rand_demon_pan_entry_8, pf_hell_entry_great_geh,
          nicolae_vehumet_altar_sigil, abyss_entry

Notes
Turn   | Place    | Note
-------+----------+-------------------------------------------
     0 | D:1      | sanka the Troll Monk began the quest for the Orb.
     0 | D:1      | Reached XP level 1. HP: 22/22 MP: 0/0
   129 | D:1      | Reached XP level 2. HP: 27/29 MP: 1/1
   750 | D:1      | Reached skill level 3 in Fighting
   873 | D:1      | Reached XP level 3. HP: 35/37 MP: 2/2
  1093 | D:2      | Noticed Robin
  1132 | D:2      | Reached skill level 4 in Unarmed Combat
  1143 | D:2      | Killed Robin
  1273 | D:2      | Noticed Sigmund
  1274 | D:2      | Reached XP level 4. HP: 38/45 MP: 3/3
  1291 | D:2      | Killed Sigmund
  1292 | D:2      | Reached skill level 6 in Unarmed Combat
  1292 | D:2      | Reached XP level 5. HP: 53/53 MP: 4/4
  1380 | D:2      | Found a faded altar of an unknown god.
  1525 | D:2      | Found a runed translucent door.
  1526 | D:2      | Noticed Crazy Yiuf
  1710 | D:2      | Killed Crazy Yiuf
  1711 | D:2      | Reached XP level 6. HP: 61/61 MP: 5/5
  2234 | D:4      | Reached skill level 7 in Unarmed Combat
  2313 | D:4      | Noticed Blork the orc
  2324 | D:4      | Killed Blork the orc
  2506 | D:4      | Reached XP level 7. HP: 67/67 MP: 6/6
  2514 | D:4      | Reached skill level 8 in Unarmed Combat
  2769 | D:4      | Found Zacw's General Store.
  2771 | D:4      | Found Suiduk's Specific Store.
  2779 | D:4      | Bought a scroll of identify for 26 gold pieces
  2779 | D:4      | Bought a scroll of teleportation for 39 gold pieces
  2904 | D:5      | Entered Level 5 of the Dungeon
  2993 | D:5      | Reached skill level 9 in Unarmed Combat
  3283 | D:5      | Reached XP level 8. HP: 75/75 MP: 7/7
  3428 | D:5      | Noticed Phaedo's ghost (novice DEFE)
  3429 | D:5      | Found a transporter.
  3431 | D:5      | Identified the +5 dire flail of the Spider Nest {holy,
                  | Str+5}
  3470 | D:5      | Reached skill level 10 in Unarmed Combat
  3695 | D:5      | Reached skill level 1 in Shapeshifting
  3805 | D:6      | Found an ornate altar of the Wu Jian Council.
  3833 | D:6      | Reached skill level 2 in Shapeshifting
  3841 | D:6      | Reached skill level 4 in Fighting
  3846 | D:6      | Reached skill level 3 in Shapeshifting
  3965 | D:6      | Noticed Prince Ribbit
  3974 | D:6      | Killed Prince Ribbit
  3980 | D:6      | Found a glowing drain.
  3996 | Sewer    | Entered a sewer
  4026 | Sewer    | Reached skill level 4 in Shapeshifting
  4055 | Sewer    | Reached skill level 5 in Fighting
  4055 | Sewer    | Reached XP level 9. HP: 66/88 MP: 8/8
  4313 | D:6      | Found Ydghiwuzi's Distillery.
  4320 | D:6      | Bought a potion of heal wounds for 65 gold pieces
  4320 | D:6      | Bought a potion of curing for 39 gold pieces
  4320 | D:6      | Bought a potion of attraction for 39 gold pieces
  4653 | D:7      | Found a staircase to the Ecumenical Temple.
  4662 | Temple   | Entered the Ecumenical Temple
  4687 | Temple   | Became a worshipper of the Shining One
  4687 | Temple   | Reached * piety under the Shining One
  4687 | Temple   | Reached ** piety under the Shining One
  4756 | D:7      | Reached skill level 5 in Shapeshifting
  4873 | D:7      | Found a hazy altar of Hepliaklqana.
  4951 | D:7      | Reached skill level 6 in Fighting
  5465 | D:8      | Found an ancient bone altar of Kikubaaqudgha.
  5466 | D:8      | Found a hide-covered altar of Uskayaw.
  5466 | D:8      | Found a broken altar of Ashenzari.
  5490 | D:8      | Reached skill level 6 in Shapeshifting
  5539 | D:8      | Found a glowing silver altar of Zin.
  5719 | D:8      | Found a staircase to the Lair.
  5753 | D:8      | Reached skill level 7 in Fighting
  5813 | D:8      | Reached skill level 7 in Shapeshifting
  5813 | D:8      | Reached XP level 10. HP: 99/102 MP: 9/9
  6079 | D:9      | Identified +0 steam dragon scales
  6365 | D:9      | Reached skill level 8 in Shapeshifting
  6536 | D:9      | Reached skill level 9 in Shapeshifting
  6638 | D:9      | Reached skill level 10 in Shapeshifting
  6817 | D:4      | Bought an amulet of regeneration for 390 gold pieces
  6978 | D:9      | Reached *** piety under the Shining One
  7181 | D:10     | Entered Level 10 of the Dungeon
  7407 | D:10     | Found a transporter.
  7409 | D:10     | Found a transporter.
  7412 | D:10     | Noticed a boulder beetle
  7482 | D:10     | Reached XP level 11. HP: 91/109 MP: 10/10
  7486 | D:10     | Reached skill level 11 in Shapeshifting
  7658 | D:10     | Noticed a two-headed ogre
  7665 | D:10     | Killed a two-headed ogre
  7958 | D:11     | Noticed a two-headed ogre
  7971 | D:11     | Killed a two-headed ogre
  8032 | D:11     | Reached skill level 12 in Shapeshifting
  8191 | D:11     | Noticed Erica
  8216 | D:11     | Noticed a red ugly thing
  8317 | D:11     | Killed a red ugly thing
  8519 | D:11     | Found a staircase to the Orcish Mines.
  8881 | D:11     | Killed Erica
  9227 | D:5      | Found a transporter.
  9237 | D:5      | Killed Phaedo's ghost
  9238 | D:5      | Reached skill level 13 in Shapeshifting
  9417 | D:10     | Killed a boulder beetle
  9626 | D:12     | Noticed a two-headed ogre
  9633 | D:12     | Killed a two-headed ogre
 10142 | D:12     | Noticed a white ugly thing
 10149 | D:12     | Killed a white ugly thing
 10150 | D:12     | Reached skill level 14 in Shapeshifting
 10202 | D:15     | Entered Level 15 of the Dungeon
 10212 | D:15     | Reached XP level 12. HP: 118/118 MP: 11/11
 10220 | D:15     | Noticed a boulder beetle
 10222 | D:15     | Noticed a demonic crawler
 10222 | D:15     | Noticed a demonic crawler
 10229 | D:15     | Killed a demonic crawler
 10245 | D:15     | Killed a boulder beetle
 10259 | D:14     | Noticed a boulder beetle
 10264 | D:14     | Killed a boulder beetle
 10288 | D:14     | Reached **** piety under the Shining One
 10336 | D:14     | Noticed a centaur warrior
 10341 | D:14     | Killed a centaur warrior
 10342 | D:14     | Reached skill level 15 in Shapeshifting
 10375 | D:14     | Noticed a tengu warrior
 10411 | D:14     | Found a gate leading to a gauntlet.
 10432 | Gauntlet | Entered a Gauntlet
 10432 | Gauntlet | Found a transporter.
 10432 | Gauntlet | Found a transporter.
 10434 | Gauntlet | Found a transporter.
 10435 | Gauntlet | Found a transporter.
 10437 | Gauntlet | Found a transporter.
 10444 | Gauntlet | Found a transporter.
 10446 | Gauntlet | Found a transporter.
 10448 | Gauntlet | Found a transporter.
 10448 | Gauntlet | Found a transporter.
 10451 | Gauntlet | Noticed a death yak
 10451 | Gauntlet | Noticed a death yak
 10454 | Gauntlet | Noticed a death scarab
 10454 | Gauntlet | Noticed a death scarab
 10454 | Gauntlet | Noticed a death yak
 10454 | Gauntlet | Noticed a death yak
 10456 | Gauntlet | Found a transporter.
 10459 | Gauntlet | Found a transporter.
 10506 | Gauntlet | Found a transporter.
 10717 | Gauntlet | Identified the +1 pair of gloves "Deeggy" {Fly rCorr}
 10747 | Gauntlet | Identified the +5 flail of Shrieking Terror {freeze, *Noise
                  | rElec rPois rF++}
 10769 | Gauntlet | Killed a death yak
 10775 | Gauntlet | Killed a death yak
 10776 | Gauntlet | Reached skill level 16 in Shapeshifting
 10779 | Gauntlet | Killed a death yak
 10780 | Gauntlet | Reached skill level 1 in Shields
 10780 | Gauntlet | Reached skill level 1 in Invocations
 10781 | Gauntlet | Killed a death yak
 10782 | Gauntlet | Reached skill level 2 in Shields
 10782 | Gauntlet | Reached skill level 2 in Invocations
 10800 | Gauntlet | Identified the ring "Igahom" {Fire rElec Will+}
 10863 | Gauntlet | Identified the +7 morningstar of Doom {freeze, rPois rC+
                  | Int+8 Dex-3}
 10863 | Gauntlet | Noticed a minotaur
 10869 | Gauntlet | Killed a minotaur
 10875 | Gauntlet | Identified the +1 falchion of Evisceration {venom, +Blink
                  | Will+ Dex+2}
 11037 | D:14     | Found a shimmering blue altar of Sif Muna.
 11096 | D:14     | Noticed a boulder beetle
 11103 | D:14     | Killed a boulder beetle
 11104 | D:14     | Reached skill level 3 in Shields
 11104 | D:14     | Reached skill level 3 in Invocations
 11265 | D:14     | Found a gate to the Vaults.
 11322 | D:14     | Killed a tengu warrior
 11456 | D:13     | Noticed a centaur warrior
 11461 | D:13     | Reached XP level 13. HP: 124/124 MP: 14/14
 11476 | D:13     | Reached ***** piety under the Shining One
 11480 | D:14     | Reached skill level 4 in Shields
 11480 | D:14     | Reached skill level 4 in Invocations
 11895 | D:13     | Reached skill level 5 in Shields
 11895 | D:13     | Reached skill level 5 in Invocations
 12084 | D:13     | Identified 2 potions of resistance
 12859 | D:15     | Reached skill level 6 in Shields
 13042 | D:15     | Reached skill level 7 in Shields
 13080 | D:15     | Reached skill level 8 in Shields
 13088 | D:15     | Noticed a fire dragon
 13095 | D:15     | Killed a fire dragon
 13110 | D:15     | Reached skill level 9 in Shields
 13164 | D:15     | Found a staircase to the Depths.
 13188 | D:15     | Found Ysonut's Distillery.
 13197 | D:15     | Bought a potion of heal wounds for 60 gold pieces
 13197 | D:15     | Bought a potion of might for 48 gold pieces
 13242 | D:15     | Found Icanaqot's Antique Armour Shop.
 13263 | D:15     | Found Mimpacs's Antique Weapon Shop.
 13436 | Depths:1 | Entered Level 1 of the Depths
 13436 | Depths:1 | Noticed a fire dragon
 13436 | Depths:1 | Found a one-way gateway to a ziggurat.
 13441 | D:15     | Killed a fire dragon
 13478 | D:15     | Reached skill level 10 in Shields
 13512 | Depths:1 | Reached skill level 3 in Dodging
 13514 | Depths:1 | Reached XP level 14. HP: 121/133 MP: 16/16
 13640 | Depths:1 | Noticed a balrug
 13641 | Depths:1 | Reached skill level 4 in Dodging
 13648 | Depths:1 | Killed a balrug
 13711 | D:15     | Reached skill level 5 in Dodging
 13865 | Depths:1 | Noticed a stone giant
 13871 | Depths:1 | Killed a stone giant
 13872 | Depths:1 | Reached skill level 6 in Dodging
 14279 | Depths:1 | Reached skill level 7 in Dodging
 14293 | Depths:1 | Found a gateway to Hell.
 14401 | Depths:1 | Noticed an azure jelly
 14545 | Depths:1 | Noticed an azure jelly
 14548 | Depths:1 | Killed an azure jelly
 14559 | Depths:1 | Killed an azure jelly
 14665 | Depths:1 | Got the Papyrus of Beyond
 14726 | Depths:1 | Reached skill level 11 in Unarmed Combat
 14794 | Depths:1 | Noticed a frost giant
 14805 | Depths:1 | Killed a frost giant
 15089 | Depths:2 | Reached skill level 12 in Unarmed Combat
 15128 | Depths:2 | Identified +0 ice dragon scales
 15128 | Depths:2 | Noticed a frost giant
 15137 | Depths:2 | Killed a frost giant
 15230 | Depths:1 | HP: 6/172 [spark wasp (18)]
 15230 | Depths:1 | HP: 2/172 [spark wasp (4)]
 15234 | Depths:1 | The Shining One protects you from harm!
 15235 | Depths:1 | HP: 16/172 [spark wasp (20)]
 15236 | Depths:1 | HP: 1/172 [spark wasp (9)]
 15236 | Depths:1 | Slain by a spark wasp

Vanquished Creatures
  2 azure jellies (Depths:1)
  2 frost giants
  A balrug (Depths:1)
  A stone giant (Depths:1)
  3 spark wasps
  A minotaur (Gauntlet)
  2 ettins (Depths:1)
  3 fire dragons
  2 ice dragons
  2 ogre magi
  2 centaur warriors
  Erica (D:11)
  2 dancing weapons (D:14)
  5 boulder beetles
  4 two-headed ogres
  4 death yaks (Gauntlet)
  4 tengu warriors
  A deep troll shaman (D:15)
  2 hell hogs (Depths:1)
  A deep troll earth mage (D:15)
  3 demonic crawlers (D:15)
  3 soul eaters (D:15)
  3 sun demons
  A naga sharpshooter (Depths:2)
  A salamander mystic (Depths:1)
  2 hell knights (Depths:1)
  2 iron trolls
  2 deep trolls (Depths:1)
  A deep elf pyromancer (D:15)
  8 ugly things
  A wolf spider (D:15)
  A deep elf zephyrmancer (Depths:1)
  4 manticores
  3 cyclopes
  2 salamanders (Depths:1)
  A rust devil (Gauntlet)
  2 ice statues (Depths:1)
  A torpor snail (Gauntlet)
  2 smoke demons
  6 yaktaurs (D:15)
  A komodo dragon (D:11)
  2 kobold demonologists (D:10)
  2 tengu conjurers
  An efreet (D:14)
  3 bunyip simulacra (Depths:1)
  The ghost of Phaedo the Magician, a novice DEFE of Sif Muna (D:5)
  A queen bee (Gauntlet)
  2 trolls
  2 hornets
  Prince Ribbit (D:6)
  3 dream sheep (D:8)
  A culicivora (shapeshifter) (D:15)
  16 slime creatures
  Sigmund (D:2)
  A ynoxinul (Gauntlet)
  A spriggan (shapeshifter) (D:13)
  2 shadows
  2 wyverns
  16 yaks
  A wraith (D:12)
  2 steam dragons
  7 vampire mosquitoes
  2 alligator snapping turtle simulacra (Depths:1)
  5 basilisks (D:15)
  A water moccasin (D:7)
  4 orc warriors
  2 fire dragon simulacra (Depths:1)
  4 black bears
  A crocodile (Sewer)
  An ice beast (D:5)
  9 ogres
  13 centaurs
  A phantom (D:5)
  Blork the orc (D:4)
  2 bullfrogs
  7 kobold brigands
  A brain worm (Sewer)
  3 scorpions
  3 gnoll sergeants (D:11)
  A deep troll simulacrum (Depths:1)
  7 killer bees
  5 howler monkeys
  4 bombardier beetles
  2 gnoll boudas
  3 iron imps (Gauntlet)
  2 jellies
  Crazy Yiuf (D:2)
  4 orc priests
  5 iguanas
  11 orc wizards
  Robin (D:2)
  16 gnolls
  4 adders
  A shadow imp (D:6)
  4 white imps
  A dart slug (D:1)
  6 ribbon worms
  28 orcs
  9 bats
  6 endoplasms
  A giant cockroach (D:4)
  17 goblins
  2 hobgoblins (D:2)
  9 jackals
  5 quokkas
  5 ball pythons
  A frilled lizard (D:1)
  24 kobolds
  4 rats
412 creatures vanquished.
